 Dungeon Crawl Stone Soup version 0.25-b1-41-g19641232cd (webtiles) character file.

Game seed: 18118312065449334826

164 nightchill the Digger (level 5, 0/30 HPs)
             Began as a Gargoyle Earth Elementalist on June 8, 2020.
             Slain by Grinder (2 damage)
             ... on level 3 of the Dungeon.
             The game lasted 00:12:19 (2828 turns).

nightchill the Digger (Gargoyle Earth Elementalist) Turns: 2828, Time: 00:12:19

Health: 0/30       AC:  9    Str: 11    XL:     5   Next: 45%
Magic:  0/9        EV: 12    Int: 17    God:
Gold:   93         SH:  0    Dex: 10    Spells: 5/9 levels left

rFire    + . .     SeeInvis .   u - +0 flail
rCold    + . .     Gourm    .   (no shield)
rNeg     + . .     Faith    .   v - +2 robe {rC+ rF+}
rPois    ∞         Spirit   .   (no helmet)
rElec    +         Reflect  .   t - +0 cloak
rCorr    .         Harm     .   (no gloves)
MR       .....                  (no boots)
Stlth    ++........             (no amulet)
HPRegen  0.10/turn              (no ring)
MPRegen  0.11/turn              (no ring)

@: no status effects
A: negative energy resistance 1, electricity resistance, unbreathing,
petrification resistance, rot immunity, AC +4
a: no special abilities


You were on level 3 of the Dungeon.
You were hungry.

You visited 1 branch of the dungeon, and saw 3 of its levels.

You collected 93 gold pieces.

Inventory:

Hand Weapons
 u - a +0 flail (weapon)
Missiles
 b - 69 stones (quivered)
 f - 14 poisoned darts
 p - 31 sling bullets
Armour
 h - a +0 leather armour
 t - a +0 cloak (worn)
 v - a +2 robe of resistance (worn)
Jewellery
 e - an uncursed ring of ice {unknown}
 m - an uncursed ring of ice {unknown}
 q - an uncursed ring of fire {unknown}
Scrolls
 g - 2 scrolls of teleportation {unknown}
 i - a scroll of noise {unknown}
 j - a scroll of enchant weapon {unknown}
 k - a scroll of immolation {unknown}
 n - 2 scrolls of identify {unknown}
 r - a scroll of fear {unknown}
Potions
 a - a potion of ambrosia {unknown}
 l - a potion of brilliance {unknown}
 o - a potion of lignification {unknown}
 s - a potion of flight {unknown}
Comestibles
 d - 4 rations


   Skills:
 + Level 2.1 Fighting
 - Level 1.5 Dodging
 - Level 2.1 Stealth
 + Level 2.7 Spellcasting
 * Level 2.3 Conjurations
   Level 0.7 Transmutations
 * Level 5.3 Earth Magic


You had 5 spell levels left.
You knew the following spells:

 Your Spells              Type           Power        Failure   Level  Hunger
a - Sandblast             Erth           ###...       1%          1    #......
b - Stone Arrow           Conj/Erth      ###...       11%         3    ###....

Your spell library contained the following spells:

 Spells                   Type           Power        Failure   Level  Hunger
 Passwall                 Tmut/Erth      ##......     8%          2    ##.....
 Animate Skeleton         Necr           N/A          19%         1    #......
 Apportation              Tloc           #.....       19%         1    #......
 Corona                   Hex            #......      19%         1    #......
 Summon Small Mammal      Summ           #...         19%         1    #......
 Petrify                  Tmut/Erth      ##......     45%         4    #####..
 Lee's Rapid Deconstruct  Erth           ###.......   50%         5    ######.


Dungeon Overview and Level Annotations

Branches:
Dungeon (3/15)

Altars:
Cheibriados

Annotations:
D:1 exclusion: downstairs
D:3 Grinder


Innate Abilities, Weirdness & Mutations

You are resistant to torment.
Your stone body is resilient. (AC +4)
You are immune to poison.
You resist negative energy. (rN+)
You are resistant to electric shocks. (rElec)
You can survive without breathing.
You are immune to petrification.
You are immune to rotting.


Message History

Grinder hits you. x2
You writhe in agony.
Grinder says, "I used to sell toenails on the black market."
Grinder hits you.
* * * LOW HITPOINT WARNING * * *
You can move again.
You closely miss Grinder.
Grinder is severely wounded.
Grinder hits you but does no damage.
Casting: Sandblast (safe; 1% risk of failure)
Confirm with . or Enter, or press ? or * to list all spells.
Aiming: Sandblast (safe; 1% risk of failure)
Press: ? - help, Shift-Dir - straight line, f/p - Grinder
Aim: Grinder (severely wounded)
The blast of sand misses Grinder.
b - 69 stones Grinder hits you.
* * * LOW HITPOINT WARNING * * *
You writhe in agony.
You die...

#+#+###########
...............
...........###
.....###.....#
... #...#.# .
#..)..#
#.@.###.#
#.5.....#
#.####..# #..
.# ### #


You could see Grinder.

Vanquished Creatures
  A bullfrog (D:3)
  Jessica (D:2)
  2 gnolls (D:2)
  2 worms
  3 dart slugs
  A leopard gecko (D:2)
  7 bats
  2 giant cockroaches (D:2)
  2 hobgoblins (D:1)
  6 jackals
  4 kobolds
  3 frilled lizards (D:2)
  6 goblins
  6 rats
46 creatures vanquished.

Notes
Turn   | Place    | Note
-------+----------+-------------------------------------------
     0 | D:1      | nightchill the Gargoyle Earth Elementalist began the quest
                  | for the Orb.
     0 | D:1      | Reached XP level 1. HP: 10/10 MP: 3/3
   334 | D:1      | Reached XP level 2. HP: 13/16 MP: 5/5
   412 | D:1      | Reached skill level 4 in Earth Magic
   792 | D:1      | Reached skill level 1 in Fighting
   964 | D:1      | Reached XP level 3. HP: 11/20 MP: 0/6
  1613 | D:2      | Learned a level 3 spell: Stone Arrow
  1892 | D:2      | Noticed Jessica
  1898 | D:2      | Killed Jessica
  1898 | D:2      | Reached skill level 1 in Conjurations
  1898 | D:2      | Reached XP level 4. HP: 24/25 MP: 4/7
  2140 | D:2      | Found a snail-covered altar of Cheibriados.
  2229 | D:2      | Reached skill level 5 in Earth Magic
  2805 | D:3      | Noticed Grinder
  2808 | D:3      | Noticed a bullfrog
  2814 | D:3      | Killed a bullfrog
  2814 | D:3      | Reached XP level 5. HP: 27/30 MP: 3/9
  2823 | D:3      | Paralysed by Grinder for 4 turns
  2828 | D:3      | Slain by Grinder

Illustrated notes

Levels and vault maps discovered:
D:1:      dpeg_arrival_tiny_a, layout_rooms
D:2:      layout_basic, kennysheep_slug_shrine, st_stairs_13, uniq_jessica
D:3:      layout_basic, gammafunk_temple_overflow_arena,
          nicolae_overflow_crystal_walls, chequers_ecumenical_altar_island,
          gammafunk_ghost_stat_death, led_sif_pool, uniq_grinder

Skill      XL: |  1  2  3  4 |
---------------+-------------+-----
Earth Magic    | 4 5 |  5.3
Fighting       | 1 2 |  2.1
Conjurations   | 1 2 |  2.3
Dodging        | |  1.5
Stealth        | |  2.1
Spellcasting   | |  2.7
Transmutations | |  0.7

Action                   |  1- 3 |  4- 6 || total
-------------------------+-------+-------++-------
Melee: Club              |    92 |     4 ||    96
       Unarmed           |     3 |       ||     3
       Flail             |       |    47 ||    47
 Cast: Sandblast         |    24 |    18 ||    42
 Stab: Sleeping          |     2 |       ||     2
  Eat: Chunk             |     3 |     3 ||     6
Armor: Leather armour    |    64 |    45 ||   109
       Robe              |     1 |     2 ||     3
Dodge: Dodged            |    99 |    59 ||   158
